 Dungeon Crawl Stone Soup version 0.31-a0-559-g03b8d61ab2 (webtiles) character file.

Game seed: 15165239915473291736

776 Ethylacetat the Insei (level 7, -4/55 HPs)
             Began as an Octopode Gladiator on Aug 17, 2023.
             Succumbed to a gnoll sergeant's poison
             ... on level 4 of the Dungeon.
             The game lasted 00:05:10 (2910 turns).

Ethylacetat the Insei (Octopode Gladiator)          Turns: 2910, Time: 00:05:11

Health: -4/55      AC:  5    Str: 11    XL:     7   Next: 84%
Magic:  7/7        EV: 22    Int:  8    God:
Gold:   183        SH:  0    Dex: 24    Spells: 6/6 levels left

rFire   . .          .
                       - Unarmed
rCold   . . .        (no shield)
rNeg    . . .        a - +0 hat
rPois   .            (no amulet)
rElec   .            i - +5 ring of evasion
rCorr   .            q - +4 ring of protection
SInv    .            (no ring)
Will    +....        (no ring)
Stlth   +++          (no ring)
HPRegen 0.29/turn    (no ring)
MPRegen 0.10/turn    (no ring)
                     (no ring)

%: no passive effects
@: mighty, brilliant, lethally poisoned (-4 -> -33)
A: almost no armour, amphibious, 8 rings, camouflage 1, gelatinous body 1,
(nimble swimmer 1), tentacles, agile 2, strong-willed 1, robust 1
a: no special abilities


You were on level 4 of the Dungeon.
You visited 1 branch of the dungeon, and saw 4 of its levels.

You collected 239 gold pieces.
You spent 56 gold pieces at shops.

Inventory:

Missiles
 b - 2 throwing nets (quivered)
Armour
 a - a +0 hat (worn)
Jewellery
 i - a +5 ring of evasion (left tentacle)
 q - a +4 ring of protection (right tentacle)
Scrolls
 d - 2 scrolls of identify {unknown}
 f - a scroll of immolation {unknown}
 g - a scroll of butterflies {unknown}
 h - 4 scrolls of teleportation {unknown}
 j - a scroll of poison {unknown}
 k - a scroll of enchant armour {unknown}
 n - a scroll of blinking {unknown}
 p - a scroll of amnesia {unknown}
Potions
 e - 2 potions of might
 l - a potion of ambrosia {unknown}
 m - a potion of curing {unknown}
 o - a potion of brilliance


   Skills:
 + Level 5.2 Fighting
 - Level 2.0 Throwing
 + Level 5.6 Dodging
 + Level 5.7 Unarmed Combat


You had 6 spell levels left.
You didn't know any spells.
Your spell library contained the following spells:

 Spells                   Type           Power      Damage    Failure   Level
 Passage of Golubria      Tloc           0%         N/A       99%         4
 Silence                  Hex/Air        0%         N/A       100%        5
 Lehudib's Crystal Spear  Conj/Erth      0%         10d2      100%        8


Dungeon Overview and Level Annotations

Branches:
Dungeon (4/15)
 Temple: D:4-7

Altars:
Trog
Xom

Shops:
D:3 *


Innate Abilities, Weirdness & Mutations

You cannot wear most types of armour.
You are amphibious.
You can wear up to eight rings at the same time.
Your skin changes colour to match your surroundings (Stealth+).
Your rubbery body absorbs attacks. (AC +1, EV +1)
((You are camouflaged when in or above water. (Stealth+)))
You have tentacles for arms and can constrict up to eight enemies at once.
You are very agile. (Dex +8, Str/Int -2)
You are strong-willed. (Will+)
You are robust. (+10% HP)


Message History

Your squeeze misses the gnoll.
The gnoll is moderately wounded.
The gnoll sergeant struggles against the net.
The gnoll closely misses you.
You tentacle-slap the gnoll. You grab the gnoll.
The gnoll is heavily wounded.
You constrict the gnoll, but do no damage.
The gnoll sergeant struggles against the net.
The net rips apart, and the gnoll sergeant comes free!
The gnoll misses you. The gnoll barely misses you.
You tentacle-slap the gnoll. You squeeze the gnoll.
You kill the gnoll!
The gnoll hits you from afar with a +0 spear.
The gnoll sergeant hits you from afar with a +4 trident of venom!
You are poisoned.
The gnoll hits you with a +0 spear.
Things that are here:
a +0 club; a +0 flail; a gnoll corpse You closely miss the gnoll.
Your grab misses the gnoll. Your squeeze misses the gnoll.
The gnoll is lightly wounded.
You feel very sick.
You tentacle-slap the gnoll. You grab the gnoll. You squeeze the gnoll!
You kill the gnoll!
You feel sick.
The gnoll sergeant hits you from afar with a +4 trident of venom!
You feel sick. The gnoll sergeant misses you.
Things that are here:
a +0 spear; a gnoll corpse You closely miss the gnoll sergeant.
Your grab misses the gnoll sergeant. You squeeze the gnoll sergeant.
The gnoll sergeant is lightly wounded.
You feel sick.
The gnoll sergeant hits you with a +4 trident of venom!
* * * LOW HITPOINT WARNING * * *
You are more poisoned.
It was a potion of brilliance.
You feel clever all of a sudden.
You die...
Xom giggles madly!

#.#......####.. #....
#.#......# .. Ť. #....
#.#......# ...##....
#.#......### .........
#.#........# .........
#.#........########.........
#.##.......#................
###.##.....###................
#....+......)@g...(..........#
#.#.##.....###.........###...#
#.#.###..... ................
#.#.# #.#### ######..........
#.#..... .........
#.############ ......... #.#
#......# ##....... #.#
#.###### #.###### #.# #.# #. #


You could see a gnoll sergeant.

Vanquished Creatures
  Edmund (D:4)
  Duvessa (D:4)
  2 black bears (D:4)
  A phantom (D:4)
  Blork the orc (D:4)
  Dowan (D:4)
  A jelly (D:4)
  3 gnolls (D:4)
  7 adders
  A dart slug (D:3)
  5 orcs (D:3)
  7 endoplasms
  2 giant cockroaches
  3 goblins
  6 hobgoblins
  5 jackals
  7 ball pythons
  2 bats
  3 frilled lizards
  7 kobolds
  7 rats
73 creatures vanquished.

Notes
Turn   | Place    | Note
-------+----------+-------------------------------------------
     0 | D:1      | Ethylacetat the Octopode Gladiator began the quest for the
                  | Orb.
     0 | D:1      | Reached XP level 1. HP: 14/14 MP: 1/1
    72 | D:1      | Reached XP level 2. HP: 4/19 MP: 2/2
   537 | D:1      | Reached XP level 3. HP: 25/25 MP: 3/3
   859 | D:2      | Found a faded altar of an unknown god.
   934 | D:2      | Prayed at the altar of an unknown god.
   934 | D:2      | Became a worshipper of Xom of Chaos
   955 | D:2      | Fell from the grace of Xom
  1003 | D:2      | XOM: give mutations
  1003 | D:2      | Gained mutation: You are robust. (+10% HP) [Xom's grace]
  1003 | D:2      | Gained mutation: You possess an exceptional clarity of
                  | mind. [Xom's grace]
  1003 | D:2      | Gained mutation: You are somewhat resistant to further
                  | mutation. [Xom's grace]
  1003 | D:2      | Lost mutation: You are somewhat resistant to further
                  | mutation. [Xom's grace]
  1003 | D:2      | Gained mutation: You have hidden genetic potential. [Xom's
                  | grace]
  1383 | D:3      | Reached XP level 4. HP: 31/33 MP: 4/4
  1659 | D:3      | Gained mutation: Your muscles are strong. (Str +4, Int/Dex
                  | -1) [hidden potential]
  1684 | D:3      | Found Dutass's General Store.
  1891 | D:3      | XOM: draining
  2008 | D:3      | Bought a potion of might for 56 gold pieces
  2099 | D:4      | Noticed a black bear
  2106 | D:4      | Killed a black bear
  2107 | D:4      | Reached XP level 5. HP: 35/40 MP: 5/5
  2113 | D:4      | Gained mutation: You are agile. (Dex +4, Str/Int -1)
                  | [hidden potential]
  2113 | D:4      | Lost mutation: You have hidden genetic potential. [hidden
                  | potential expressed]
  2245 | D:4      | XOM: stat loss: -1 Str (15/16)
  2298 | D:4      | Found a bloodstained altar of Trog.
  2318 | D:4      | Noticed Edmund
  2329 | D:4      | Killed Edmund
  2330 | D:4      | Reached XP level 6. HP: 37/47 MP: 6/6
  2372 | D:4      | Noticed a black bear
  2377 | D:4      | Killed a black bear
  2381 | D:4      | Reached skill level 5 in Dodging
  2381 | D:4      | Reached skill level 5 in Unarmed Combat
  2381 | D:4      | Reached XP level 7. HP: 46/53 MP: 7/7
  2443 | D:4      | Noticed Dowan
  2447 | D:4      | Noticed Duvessa
  2460 | D:4      | Killed Duvessa
  2465 | D:4      | Killed Dowan
  2466 | D:4      | Reached skill level 5 in Fighting
  2491 | D:4      | XOM: give mutation
  2491 | D:4      | Gained mutation: You are strong-willed. (Will+) [Xom's
                  | mischief]
  2667 | D:4      | Noticed Blork the orc
  2673 | D:4      | Killed Blork the orc
  2791 | D:4      | XOM: give mutations
  2791 | D:4      | Gained mutation: You are very agile. (Dex +8, Str/Int -2)
                  | [Xom's mischief]
  2791 | D:4      | Lost mutation: Your muscles are strong. (Str +4, Int/Dex
                  | -1) [Xom's mischief]
  2791 | D:4      | Lost mutation: You possess an exceptional clarity of mind.
                  | [Xom's mischief]
  2909 | D:4      | HP: 2/55 [gnoll sergeant/+4 trident of venom (13)]
  2910 | D:4      | Succumbed to a gnoll sergeant's poison

Illustrated notes

Levels and vault maps discovered:
D:1:      lightli_arrival_windingriver, layout_loops_ring, minmay_fountain_box,
          minmay_split_cup_large
D:2:      layout_loops_ring, hellmonk_ecumenical_altar_pennies_from_heaven
D:3:      layout_loops_cross, serial_shops, shop, grunt_decor_resistance
D:4:      layout_basic, amethyst_overflow_temple_binary, lemuel_round_altar,
          serial_shops, nicolae_lakefront_shop, kennysheep_small_square,
          uniq_duvessa, uniq_edmund, uniq_blork_the_orc

Skill      XL: |  1  2  3  4  5  6  7 |
---------------+----------------------+-----
Fighting       | 3 4 5 |  5.2
Dodging        | 4 5 |  5.6
Unarmed Combat | 4 5 |  5.7
Throwing       | |  2.0

Action                     |  1- 3 |  4- 6 |  7- 9 || total
---------------------------+-------+-------+-------++-------
  Melee: Unarmed           |    73 |    51 |    33 ||   157
         Constrict         |    20 |    10 |    10 ||    40
         Tentacles         |    14 |    12 |    14 ||    40
         Punch             |     2 |     3 |     1 ||     6
  Throw: Javelin           |       |       |     1 ||     1
         Throwing net      |       |       |     1 ||     1
 Invoke: Renounce Religion |     1 |       |       ||     1
    Use: Potion            |       |     1 |     3 ||     4
   Stab: Sleeping          |    11 |     2 |     1 ||    14
 Armour: Skin              |       |     2 |     5 ||     7
  Dodge: Dodged            |    46 |    40 |    27 ||   113

Table legend: (Time is in decaauts)
 A = Elapsed time spent in this place.
 B = Non-inter-level travel time spent in this place.
 C = Inter-level travel time spent in this place.
 D = Time resting spent in this place.
 E = Time spent auto-exploring this place.
 F = Levels seen in this place.
 G = Mean time per level.
                   A        B        C        D        E       F      G
               +--------+--------+--------+--------+--------+-----+--------+
         Total |   2905 |   2789 |    116 |      0 |   2286 |   4 |  726.2 |
       Dungeon |   2905 |   2789 |    116 |      0 |   2286 |   4 |  726.2 |
               +--------+--------+--------+--------+--------+-----+--------+

Top non-repeatable levels by time:
     D:4: 855 daAuts
     D:3: 771 daAuts
     D:1: 701 daAuts
     D:2: 577 daAuts
